 Dungeon Crawl Stone Soup version 0.28.0-43-g3370ac3207 (webtiles) character file.

Game seed: 17429524729436884856

1396 pkoi the Ruffian (level 8, -9/68 HPs)
             Began as a Yellow Draconian Monk on Mar 2, 2022.
             Was a Priest of Makhleb.
             Mangled by Duvessa
             ... wielding a +3 short sword
              (13 damage)
             ... on level 6 of the Dungeon.
             The game lasted 00:09:08 (6834 turns).

pkoi the Ruffian (Yellow Draconian Monk)            Turns: 6834, Time: 00:09:08

Health: -9/68      AC:  7    Str: 16    XL:     8   Next: 41%
Magic:  11/11      EV: 17    Int: 11    God:    Makhleb [***...]
Gold:   357        SH:  0    Dex: 13    Spells: 7/7 levels left

rFire   . . .      SeeInvis .     - Unarmed
rCold   . . .      Faith    .   c - orb {*Rage}
rNeg    . . .      Spirit   .   (armour unavailable)
rPois   .          Reflect  .   (helmet restricted)
rElec   .          Harm     .   (no cloak)
rCorr   +          Rampage  .   (no gloves)
Will    .....      Rage     20% (no boots)
Stlth   +.........              h - amulet of magic regeneration
HPRegen 0.21/turn               p - +4 ring of evasion
MPRegen 0.52/turn               (no ring)

@: lit by a corona, short of breath, glowing, studying Fire Magic
A: spit acid, AC +6, unfitting armour, cold-blooded, acid resistance, horns 1,
dopey 1, shaggy fur 1, strong 1
a: Breathe Acid, Renounce Religion, Minor Destruction, Lesser Servant of Makhleb


You were on level 6 of the Dungeon.
You worshipped Makhleb.
Makhleb was most pleased with you.
You visited 2 branches of the dungeon, and saw 7 of its levels.

You collected 357 gold pieces.

Inventory:

Hand Weapons
 b - a +0 mace
 e - a +0 whip
 l - a +2 dagger of electrocution
Missiles
 a - 5 curare-tipped darts (quivered)
 v - 3 poisoned darts
Armour
 c - an orb of wrath (worn)
Jewellery
 h - an amulet of magic regeneration (around neck)
 p - a +4 ring of evasion (left hand)
Wands
 q - a wand of flame (12)
Scrolls
 d - 3 scrolls of teleportation
 i - a scroll of silence
 k - 2 scrolls of fear {unknown}
 m - a scroll of enchant armour {unknown}
 o - a scroll of magic mapping {unknown}
 t - a scroll of immolation {unknown}
 u - 2 scrolls of identify {unknown}
 w - 3 scrolls of amnesia {unknown}
Potions
 j - a potion of berserk rage {unknown}
 n - a potion of might {unknown}
 r - 2 potions of resistance {unknown}
 s - 2 potions of flight {unknown}
 x - a potion of mutation
 z - a potion of degeneration {unknown}
 A - a potion of curing {unknown}


   Skills:
 + Level 5.3 Fighting
 + Level 4.3 Dodging
 - Level 1.7 Stealth
 * Level 7.9 Unarmed Combat
 + Level 5.2 Invocations
 - Level 0.3 Evocations


You had 7 spell levels left.
You didn't know any spells.
Your spell library contained the following spells:

 Spells                   Type           Power      Damage    Failure   Level
 Sublimation of Blood     Necr           0%         N/A       47%         2
 Summon Guardian Golem    Hex/Summ       0%         N/A       71%         3
 Petrify                  Tmut/Erth      0%         N/A       98%         4
 Irradiate                Conj/Tmut      0%         3d13      100%        5
 Orb of Destruction       Conj           0%         9d5       100%        7
 Spellforged Servitor     Conj/Summ      0%         N/A       100%        7


Dungeon Overview and Level Annotations

Branches:
Dungeon (6/15)             Temple (1/1) D:4

Altars:
Dithmenos
Elyvilon
Fedhas
Gozag
Hepliaklqana
Kikubaaqudgha
Makhleb
Okawaru
Qazlal
Ru
Sif Muna
Trog
Uskayaw
Vehumet
Xom
Yredelemnul
Zin
The Shining One

Shops:
D:5 (

Annotations:
D:6 Dowan, Duvessa


Innate Abilities, Weirdness & Mutations

You can spit globs of acid.
Your golden yellow scales are hard. (AC +6)
You cannot fit into any form of body armour.
You are cold-blooded and may be slowed by cold attacks.
You are resistant to acid. (rCorr)
You have a pair of small horns on your head.
You are dopey. (Int -2)
You are covered in fur. (AC +1)
Your muscles are strong. (Str +2)


Message History

Unknown command.
Dowan hits you with a +0 dagger. Duvessa completely misses you.
Press: ? - help, Shift-Dir - straight line, f - Duvessa
Aim: Duvessa, wielding a +3 short sword and wearing a +0 scale mail (74% to hit)
You spit a glob of acid.
The glob of acid misses Duvessa.
Dowan closely misses you. Duvessa hits you with a +3 short sword!
* * * LOW HITPOINT WARNING * * *
Unknown command.
Unknown command.
Unknown command.
You hit Duvessa but do no damage. Dowan closely misses you. Duvessa misses you.
Unknown command.
Okay, then.
Dowan casts a spell at you.
Keep equipping yourself? [Y]es or [N]o only, please.
Keep equipping yourself? [Y]es or [N]o only, please.
Keep equipping yourself?
You are outlined in light.
Duvessa hits you with a +3 short sword!
* * * LOW HITPOINT WARNING * * *
You start putting on your armour.
You continue putting on your orb of wrath.
Dowan barely misses you. Duvessa hits you with a +3 short sword!
* * * LOW HITPOINT WARNING * * *
You continue putting on your orb of wrath.
Dowan hits you but does no damage. Duvessa hits you with a +3 short sword!
* * * LOW HITPOINT WARNING * * *
You continue putting on your orb of wrath.
Dowan says, "My weaknesses are her strengths!"
Dowan barely misses you. Duvessa misses you.
You continue putting on your orb of wrath.
Dowan hits you but does no damage. Duvessa hits you with a +3 short sword!
* * * LOW HITPOINT WARNING * * *
You finish putting on your orb of wrath.
It was a potion of mutation.
You feel extremely strange.
You feel stronger.
You feel stupid. Fur sprouts all over your body.
A pair of horns grows on your head! Dowan closely misses you.
Duvessa hits you with a +3 short sword!
You die...

...<...................
.####.####...##..##....
####.#########|[##+####
#.............))[.....#
#.....................#
+.....................#
#..............<......#
......###....##.ee[>#..#
####### #....##.@...####
#...e.#......#
#.....+......#
#.....#......#
###..####...## #..#
##+## #... #... #.e.


You could see Duvessa and Dowan.

Vanquished Creatures
  Grinder (D:6)
  Sigmund (D:3)
  Edmund (D:4)
  An orc warrior (D:4)
  An ogre (D:5)
  Blork the orc (D:4)
  A scorpion (D:6)
  A centaur zombie (D:5)
  An orc priest (D:5)
  5 hounds
  2 iguanas
  Jessica (D:3)
  2 centaur skeletons (D:4)
  2 orc wizards (D:6)
  2 hound skeletons (D:4)
  Robin (D:3)
  8 adders
  A shadow imp (D:5)
  An adder skeleton (D:4)
  2 worms (D:4)
  5 dart slugs
  6 orcs
  8 endoplasms
  2 giant cockroaches
  13 goblins
  8 hobgoblins
  9 kobolds
  6 quokkas
  2 ball pythons
  2 bats (D:2)
  4 frilled lizards (D:1)
  6 rats
  2 bushes (D:4)
109 creatures vanquished.

Vanquished Creatures (others)
  13 plants
13 creatures vanquished.

Grand Total: 122 creatures vanquished

Notes
Turn   | Place    | Note
-------+----------+-------------------------------------------
     0 | D:1      | pkoi the Draconian Monk began the quest for the Orb.
     0 | D:1      | Reached XP level 1. HP: 19/19 MP: 1/1
   107 | D:1      | Reached XP level 2. HP: 22/26 MP: 2/2
   614 | D:1      | Reached skill level 4 in Unarmed Combat
  1126 | D:2      | Reached XP level 3. HP: 13/31 MP: 3/3
  1420 | D:2      | Found a faded altar of an unknown god.
  1489 | D:2      | Found a burning altar of Makhleb.
  1512 | D:2      | Became a worshipper of Makhleb the Destroyer
  1512 | D:2      | Reached * piety under Makhleb
  1512 | D:2      | Reached ** piety under Makhleb
  1636 | D:2      | Reached XP level 4. HP: 38/38 MP: 4/4
  1775 | D:2      | Reached skill level 5 in Unarmed Combat
  1775 | D:2      | Reached skill level 1 in Invocations
  2289 | D:3      | Noticed Sigmund
  2316 | D:3      | Killed Sigmund
  2317 | D:3      | Reached XP level 5. HP: 33/45 MP: 4/7
  2626 | D:3      | Noticed Robin
  2760 | D:3      | Killed Robin
  2761 | D:3      | Reached XP level 6. HP: 46/51 MP: 8/8
  2886 | D:3      | Noticed Jessica
  2892 | D:3      | Killed Jessica
  3240 | D:3      | Found an opulent altar of Gozag.
  3275 | D:3      | Reached skill level 6 in Unarmed Combat
  3845 | D:4      | Reached *** piety under Makhleb
  3994 | D:4      | Found a radiant altar of Vehumet.
  3996 | D:4      | Noticed Edmund
  4075 | D:4      | Found a staircase to the Ecumenical Temple.
  4084 | Temple   | Entered the Ecumenical Temple
  4307 | D:4      | Noticed Blork the orc
  4313 | D:4      | Killed Edmund
  4314 | D:4      | Your scales start taking on a golden yellow colour.
  4314 | D:4      | Reached XP level 7. HP: 17/58 MP: 9/9
  4314 | D:4      | Gained mutation: You are resistant to acid. (rCorr) [Yellow
                  | Draconian growth]
  4318 | D:4      | Killed Blork the orc
  5239 | D:5      | Entered Level 5 of the Dungeon
  5778 | D:4      | Reached skill level 7 in Unarmed Combat
  6091 | D:5      | Reached XP level 8. HP: 67/67 MP: 11/11
  6175 | D:5      | Found Iteraoc's Antique Weapon Shoppe.
  6309 | D:6      | Noticed Grinder
  6321 | D:6      | Killed Grinder
  6322 | D:6      | Reached skill level 5 in Fighting
  6322 | D:6      | Reached skill level 5 in Invocations
  6478 | D:6      | Identified a scroll of acquirement
  6478 | D:6      | Acquired a manual of Fire Magic
  6622 | D:6      | Noticed Duvessa
  6624 | D:6      | Noticed Dowan
  6834 | D:6      | Gained mutation: Your muscles are strong. (Str +2) [potion
                  | of mutation]
  6834 | D:6      | Gained mutation: You are dopey. (Int -2) [potion of
                  | mutation]
  6834 | D:6      | Gained mutation: You are covered in fur. (AC +1) [potion of
                  | mutation]
  6834 | D:6      | Gained mutation: You have a pair of small horns on your
                  | head. [potion of mutation]
  6834 | D:6      | Mangled by Duvessa

Illustrated notes

Levels and vault maps discovered:
D:1:      dpeg_arrival_arbitrary_c, layout_basic, st_stairs_14
D:2:      minmay_angry_zag, layout_basic, basic_altar,
          ebering_ecumenical_altar_mist, chequers_serial_rivers_micro_a,
          serial_bayou_lagoon_b
D:3:      layout_basic, lemuel_doored_altar, corner_web_ring, uniq_sigmund,
          uniq_robin, uniq_jessica
D:4:      layout_rooms, amcnicky_altar_gilded, minmay_temple_entry_mist,
          serial_forest, infiniplex_forest_clump_medium,
          infiniplex_forest_end_double, infiniplex_forest_lined_ring,
          infiniplex_forest_clump_diagonal, infiniplex_forest_lined_corner,
          infiniplex_forest_corner_1, infiniplex_forest_straight_4,
          infiniplex_forest_clump_small, infiniplex_forest_join, minivault_1,
          uniq_edmund, uniq_blork_the_orc
D:5:      layout_cave_pools, serial_shops, nicolae_diamond_shop,
          hangedman_abyss_or_decor_passed, hex_medium
D:6:      layout_gridville, uniq_duvessa, uniq_grinder, uniq_menkaure
Temple:   regret_index_temple_sphere_string

Skill      XL: |  1  2  3  4  5  6  7  8 |
---------------+-------------------------+-----
Unarmed Combat | 4 5 6 7 |  7.9
Invocations    | 3 4 5 |  5.2
Dodging        | 3 4 |  4.3
Fighting       | 4 5 |  5.3
Stealth        | |  1.7
Evocations     | |  0.3

Action                   |  1- 3 |  4- 6 |  7- 9 || total
-------------------------+-------+-------+-------++-------
Melee: Unarmed           |   130 |   152 |   298 ||   580
       Tailslap          |    14 |    29 |    56 ||    99
       Punch             |     1 |     3 |    21 ||    25
 Abil: Breathe Acid      |       |       |     6 ||     6
Evoke: Wand              |       |     4 |       ||     4
  Use: Scroll            |       |       |     4 ||     4
       Potion            |       |       |     1 ||     1
 Stab: Sleeping          |     2 |       |     2 ||     4
Armor: Skin              |    27 |    43 |    40 ||   110
Dodge: Dodged            |    72 |    82 |   127 ||   281
